Map: Old Republic LE

Players

DmitryK

  • Race: Terran Terran
  • League: Platinum
  • Spawn Location: 1:00

predator - Winner!

  • Race: Zerg Zerg
  • League: Diamond
  • Spawn Location: 7:00

VOD

Have the link to the VOD?

Description

Time

  • Played on: March 8, 2026, 2:10 p.m.
  • Length: 13:07
Show
View Real Time Build Order
Export as new Build Order

DmitryK Terran 

Build Orders: Reaper Expand 

Get SALT Encoding   

  12  0:00  SCV  
  13  0:12  SCV  
  14  0:17  Supply Depot  
  14  0:24  SCV  
  15  0:39  SCV  
  15  0:40  Barracks  
  16  0:44  Refinery  
  16  0:51  SCV  
  17  1:03  SCV  
  18  1:17  SCV  
  19  1:27  Reaper  
  19  1:29  Orbital Command  
  20  1:43  Command Center  
  20  1:55  SCV  
  20  1:57  Supply Depot  
  20  1:59  Marine  
  22  2:07  SCV  
  23  2:17  Factory  
  23  2:20  SCV  
  24  2:32  SCV  
  24  2:33  Barracks Reactor  
  25  2:44  SCV  
  25  2:48  Refinery  
  26  2:56  SCV  
  26  3:08  SCV  
  27  3:17  Starport  
  27  3:21  SCV  
  27  3:23  Hellion x2  
  32  3:27  Barracks Tech Lab  
  32  3:33  SCV, Orbital Command  
  33  3:44  Hellion  
  33  3:45  Hellion  
  33  3:47  Supply Depot  
  36  3:58  Viking  
  36  4:00  SCV  
  39  4:04  SCV  
  39  4:05  Hellion  
  39  4:06  Hellion  
  36  4:20  Fusion Core  
  36  4:24  SCV  
  32  4:27  Hellion x2  
  35  4:39  Orbital Command  
  35  4:41  SCV  
  35  4:44  Starport Tech Lab  
  36  4:48  Hellion  
  36  4:49  Hellion  
  38  5:03  SCV  
  39  5:08  Battlecruiser  
  45  5:14  SCV  
  45  5:18  Hellion  
  48  5:24  SCV  
  49  5:30  Refinery  
  49  5:32  Refinery  
  49  5:35  Hellion  
  51  5:40  SCV  
  52  5:46  Supply Depot  
  52  5:53  Armory  
  52  5:56  SCV  
  53  6:04  Hellion  
  55  6:06  SCV  
  55  6:08  SCV  
  57  6:13  Supply Depot  
  57  6:23  Hellion  
  59  6:36  Hellion  
  59  6:38  Factory  
  59  6:41  Factory  
  52  7:01  Hellion  
  52  7:02  Hellion  
  53  7:12  SCV  
  47  7:25  SCV  
  23  8:34  Supply Depot  
  23  8:36  Supply Depot  
  23  8:39  Supply Depot  
  23  8:57  SCV  
  23  8:59  Supply Depot  
  24  9:09  SCV  
  25  9:10  Refinery  
  25  9:21  SCV  
  26  9:27  Barracks  
  26  9:29  Starport Reactor  
  26  9:34  SCV  
  26  9:46  SCV  
  26  9:52  Command Center  
  26  10:02  SCV, Engineering Bay  
  28  10:14  SCV  
  28  10:26  SCV  
  29  10:38  SCV  
  30  10:43  Missile Turret  
  30  10:47  Factory  
  30  10:50  SCV  
  30  10:52  Missile Turret  
  31  11:02  SCV  
  32  11:13  Missile Turret  
  32  11:14  SCV  
  31  11:20  Orbital Command  
  31  11:26  SCV  
  31  11:29  Missile Turret  
  32  11:39  SCV  
  33  11:51  SCV  
  33  11:53  Armory  
  34  12:03  SCV  
  35  12:11  Cyclone  
  35  12:15  SCV  
  39  12:32  Orbital Command  
  42  12:47  Supply Depot  
  42  12:50  Supply Depot  
Show
View Real Time Build Order
Export as new Build Order

predator Zerg - Winner!

Build Orders: Pool First 

Get SALT Encoding   

  12  0:04  Drone  
  13  0:13  Overlord  
  13  0:17  Drone  
  14  0:31  Drone  
  14  0:32  Drone  
  16  0:37  Drone  
  17  0:45  Spawning Pool  
  17  0:48  Drone  
  17  1:08  Hatchery  
  17  1:11  Drone  
  17  1:14  Extractor  
  17  1:16  Drone  
  17  1:22  Drone  
  18  1:30  Drone  
  19  1:34  Queen  
  21  1:41  Overlord  
  21  1:52  Zergling x2  
  22  2:03  Drone  
  23  2:17  Metabolic Boost  
  23  2:21  Queen  
  25  2:30  Drone  
  25  2:31  Drone, Hatchery  
  26  2:38  Drone x2  
  28  2:46  Drone x2  
  28  2:47  Drone  
  31  2:57  Drone x4  
  35  3:06  Zergling x2  
  35  3:12  Overlord  
  36  3:30  Overlord  
  36  3:31  Zergling x4  
  36  3:32  Zergling x8  
  42  3:53  Drone x6  
  48  3:59  Roach Warren  
  44  4:20  Zergling x6  
  44  4:21  Zergling x8  
  51  4:33  Drone x4  
  55  4:41  Roach  
  55  4:44  Overlord  
  57  4:53  Pneumatized Carapace  
  57  4:56  Overlord x2, Spore Crawler  
  57  4:57  Overlord  
  52  5:06  Roach x3  
  58  5:14  Spine Crawler  
  58  5:15  Extractor  
  58  5:16  Extractor  
  58  5:17  Roach x4  
  58  5:20  Lair  
  63  5:24  Roach  
  65  5:36  Roach x2  
  65  5:38  Overlord x2  
  69  5:46  Queen  
  71  5:51  Drone x5  
  71  5:56  Hatchery  
  75  6:07  Zergling x6  
  78  6:14  Drone  
  78  6:15  Drone x2  
  78  6:18  Glial Reconstitution  
  81  6:20  Drone  
  81  6:21  Drone x2  
  76  6:41  Queen x2  
  80  6:53  Zergling x2, Drone, Roach  
  82  6:56  Spore Crawler  
  82  6:57  Spore Crawler  
  82  6:59  Spore Crawler  
  74  7:13  Queen  
  76  7:17  Queen x2  
  82  7:23  Roach x5  
  76  7:49  Queen  
  69  7:54  Queen x2  
  69  7:56  Drone x6  
  64  8:25  Queen  
  62  8:31  Drone x9  
  70  8:39  Spore Crawler  
  70  8:40  Spore Crawler  
  68  8:46  Spire  
  67  8:55  Spore Crawler  
  66  9:05  Spore Crawler  
  66  9:09  Spore Crawler  
  64  9:19  Drone x5  
  69  9:29  Extractor x2  
  65  9:52  Drone x3  
  66  9:53  Drone x2  
  66  9:54  Drone  
  69  10:01  Nydus Network  
  69  10:05  Corruptor  
  69  10:06  Corruptor x5  
  80  10:15  Baneling Nest  
  79  10:33  Hatchery  
  79  10:34  Drone x4  
  79  10:35  Drone x2  
  84  10:45  Drone x3  
  87  10:53  Drone x2  
  87  10:54  Overlord  
  89  11:02  Overlord x2  
  89  11:33  Hydralisk Den  
  88  11:45  Drone x9  
  97  11:48  Spore Crawler  
  97  11:49  Spore Crawler  
  97  11:50  Spore Crawler  
  97  11:51  Spore Crawler  
  97  11:52  Spore Crawler  
  92  11:57  Zergling x2  
  92  11:58  Zergling x4  
  95  12:12  Grooved Spines  
  95  12:16  Zergling x2  
  95  12:17  Zergling x4  
  91  12:43  Drone x6  
  97  12:47  Spore Crawler  
  97  12:49  Spore Crawler  
  97  12:50  Spore Crawler  
Tags
 
Add a new tag
Caveats
  • Supply blocks, unpowered buildings, or Contaminate may cause inaccurate times.
  • Supply counts are checked every 10 seconds.